Map: Magma Mines

Players

Nerchio - Winner!

  • Race: Zerg Zerg
  • Spawn Location: 11:00

Lillekanin

  • Race: Terran Terran
  • Spawn Location: 1:00

Night

  • Race: Protoss Protoss
  • League: Master
  • Spawn Location: 3:00

Elazer - Winner!

  • Race: Zerg Zerg
  • League: Master
  • Spawn Location: 9:00

VOD

Have the link to the VOD?

Description

Time

  • Played on: Aug. 23, 2016, 1:18 p.m.
  • Length: 15:31
Show
View Real Time Build Order
Export as new Build Order

Nerchio Zerg - Winner!

Build Orders: Hatch First 

Get SALT Encoding   

  12  0:00  Drone  
  13  0:12  Overlord  
  13  0:18  Drone  
  14  0:31  Drone x2  
  14  0:35  Drone  
  17  0:52  Hatchery  
  17  0:56  Drone  
  17  0:59  Drone  
  17  1:01  Extractor  
  17  1:15  Spawning Pool  
  17  1:18  Drone  
  17  1:21  Drone  
  18  1:28  Drone  
  19  1:38  Overlord  
  19  2:01  Queen  
  19  2:03  Queen  
  19  2:04  Metabolic Boost  
  23  2:10  Drone x3  
  23  2:15  Zergling x2  
  27  2:21  Zergling x2  
  28  2:28  Zergling x4  
  30  2:33  Zergling x2  
  31  2:40  Overlord  
  31  2:44  Overlord  
  31  2:55  Overlord  
  31  3:00  Zergling x4  
  31  3:05  Zergling x2  
  33  3:12  Zergling x2  
  34  3:19  Zergling x12  
  39  3:24  Queen  
  39  3:26  Evolution Chamber  
  40  3:28  Zergling x2  
  41  3:38  Zergling x4  
  41  3:41  Zergling x2  
  44  3:44  Zergling x2  
  45  3:52  Overlord  
  45  3:55  Zergling x6  
  48  3:56  Zergling x2  
  49  4:09  Overlord  
  43  4:26  Drone x7  
  43  4:28  Drone  
  45  4:36  Drone x4  
  45  4:38  Lair  
  41  4:43  Drone x2  
  41  4:54  Zergling x4  
  43  5:08  Drone x3  
  43  5:09  Zerg Melee Weapons Level 1, Drone  
  43  5:10  Extractor, Drone  
  43  5:11  Extractor  
  43  5:13  Extractor  
  45  5:16  Drone  
  45  5:18  Hatchery  
  45  5:19  Drone  
  46  5:30  Overlord  
  46  5:38  Drone  
  46  5:39  Drone x6  
  52  5:43  Overlord  
  52  5:47  Spire  
  50  6:01  Pneumatized Carapace  
  50  6:02  Evolution Chamber  
  49  6:05  Zergling x10  
  49  6:06  Zergling x2  
  49  6:08  Zergling x2  
  49  6:09  Overseer  
  49  6:11  Zergling x2  
  57  6:12  Zergling x2  
  57  6:14  Zergling x2  
  57  6:17  Zergling x2  
  60  6:18  Hatchery  
  60  6:21  Zergling x2  
  61  6:25  Zergling x2  
  61  6:30  Zerg Ground Armor Level 1  
  61  6:31  Zergling x4  
  63  6:37  Zergling x8  
  63  6:39  Queen  
  67  6:43  Queen  
  67  6:45  Overlord  
  68  7:02  Mutalisk x5  
  78  7:13  Zergling x8  
  78  7:15  Overlord x2  
  82  7:18  Zerg Flyer Weapons Level 1  
  82  7:24  Overlord x2  
  82  7:42  Drone x2  
  82  7:43  Drone x7  
  91  7:48  Drone x2  
  91  7:49  Drone x3  
  96  8:16  Extractor  
  96  8:17  Extractor  
  91  8:20  Mutalisk x6  
  91  8:24  Overlord x2  
  91  8:25  Overlord  
  94  8:27  Overlord  
  94  8:28  Overlord  
  94  8:31  Overlord x2  
  91  8:36  Mutalisk x3  
  95  8:42  Mutalisk  
  95  8:43  Mutalisk  
  95  8:45  Mutalisk  
  99  8:49  Zerg Melee Weapons Level 2  
  99  8:54  Zergling x4  
  99  8:55  Zergling x6  
  103  8:56  Zergling x2  
  103  8:58  Zergling x2  
  105  9:05  Infestation Pit  
  97  9:20  Zergling x24  
  102  9:32  Zergling x6  
  102  9:33  Zergling x10  
  102  9:35  Zergling x4  
  102  9:37  Zergling x2  
  112  9:38  Zergling x2  
  112  9:40  Zergling x2  
  113  9:46  Zergling x4  
  113  9:47  Zergling x4  
  113  9:51  Zergling x2  
  118  9:53  Zergling x2  
  118  10:06  Zergling x4  
  118  10:07  Zergling x4  
  99  10:11  Zergling x4  
  99  10:12  Zergling x2  
  82  10:21  Drone  
  82  10:22  Drone x2  
  85  10:32  Zergling x10  
  90  10:48  Hive  
  90  10:52  Drone x6  
  90  10:53  Drone  
  90  10:55  Zerg Ground Armor Level 2  
  90  10:56  Overlord  
  92  11:00  Overseer  
  92  11:36  Zergling x14  
  99  11:42  Mutalisk x4  
  107  12:02  Adrenal Glands  
  107  12:03  Ultralisk Cavern, Zerg Melee Weapons Level 3  
  100  12:29  Overseer  
  98  12:30  Overseer  
  98  12:40  Spire  
  98  12:43  Overlord  
  98  12:44  Extractor x2  
  95  12:56  Chitinous Plating  
  95  12:57  Ultralisk x6  
  95  12:58  Ultralisk x3  
  149  13:00  Overlord x3  
  149  13:05  Overlord  
  143  13:24  Zergling x2  
  143  13:25  Zergling x8  
  143  13:26  Zergling x26  
  159  13:28  Zergling x2  
  159  13:29  Zergling x2  
  161  13:37  Zergling x12  
  161  13:40  Zergling x4  
  169  13:41  Zergling x2  
  169  13:43  Zergling x2  
  169  13:44  Zergling x2  
  169  13:47  Zergling x4  
  169  13:48  Zergling x2  
  175  13:54  Zergling x4  
Show
View Real Time Build Order
Export as new Build Order

Lillekanin Terran 

Build Orders: Liberator Opening, Mech 

Get SALT Encoding   

  12  0:00  SCV  
  13  0:12  SCV  
  14  0:20  Supply Depot  
  14  0:24  SCV  
  15  0:41  SCV  
  16  0:48  Refinery  
  16  0:50  Barracks  
  16  0:53  SCV  
  17  1:01  Refinery  
  17  1:06  SCV  
  18  1:18  SCV  
  20  1:36  Orbital Command  
  19  1:43  Factory  
  19  1:50  Supply Depot  
  19  2:02  SCV  
  20  2:14  SCV  
  21  2:26  SCV  
  21  2:29  Hellion  
  24  2:33  Starport  
  24  2:36  Marine  
  25  2:41  Bunker  
  25  2:43  SCV  
  26  2:50  Supply Depot  
  26  2:51  Factory Tech Lab  
  26  2:55  Liberator  
  26  2:56  SCV  
  27  3:08  SCV  
  27  3:10  Hellion  
  33  3:20  SCV  
  33  3:32  Siege Tank, SCV  
  37  3:44  SCV  
  38  3:55  Command Center  
  38  4:02  Supply Depot  
  38  4:10  Supply Depot  
  38  4:13  SCV  
  39  4:32  Medivac, Siege Tank  
  36  4:42  SCV  
  35  4:51  Factory  
  35  4:54  SCV  
  36  5:04  Hellion  
  36  5:06  SCV  
  39  5:07  Medivac  
  39  5:08  Supply Depot  
  41  5:17  Orbital Command  
  41  5:18  SCV  
  42  5:29  Supply Depot  
  42  5:30  Siege Tank, SCV  
  45  5:37  Hellion  
  47  5:42  SCV  
  47  5:46  SCV  
  49  5:55  SCV  
  49  5:56  Medivac  
  51  5:59  SCV  
  51  6:01  Supply Depot  
  51  6:03  Factory Reactor  
  52  6:04  Barracks  
  52  6:05  Refinery  
  52  6:06  Refinery  
  52  6:19  SCV  
  52  6:22  Supply Depot x2  
  53  6:28  Supply Depot  
  53  6:29  Supply Depot  
  53  6:31  SCV  
  54  6:36  SCV  
  54  6:38  Starport Reactor  
  55  6:40  Hellion  
  55  6:46  SCV  
  58  6:56  Factory  
  58  6:57  SCV  
  58  7:00  Factory  
  59  7:04  Armory  
  59  7:06  Liberator  
  61  7:08  Liberator  
  59  7:12  Widow Mine, Engineering Bay  
  59  7:14  Widow Mine  
  69  7:31  SCV  
  65  7:45  Factory Tech Lab  
  65  7:48  Liberator  
  65  7:49  SCV  
  64  7:52  Missile Turret  
  64  7:54  SCV  
  64  7:55  Missile Turret  
  62  7:58  Factory Tech Lab  
  62  8:00  Siege Tank  
  62  8:03  SCV  
  66  8:06  Siege Tank  
  66  8:11  Liberator  
  66  8:20  Hellion  
  61  8:36  SCV  
  61  8:39  Hellion  
  63  8:48  SCV  
  60  8:50  Hellion x2  
  64  8:56  SCV  
  64  9:01  Missile Turret  
  65  9:05  SCV  
  65  9:08  SCV  
  61  9:17  SCV  
  61  9:18  Siege Tank  
  65  9:31  Missile Turret  
  65  9:35  Liberator  
  62  9:54  Hellion x2  
  62  9:55  SCV, Hellion  
  56  10:10  Cyclone  
  56  10:14  Hellion  
  56  10:15  Liberator  
  56  10:18  Hellion x2  
  55  10:21  SCV  
  53  10:40  Liberator  
  50  10:47  SCV  
  50  10:48  SCV  
  52  10:59  SCV  
  52  11:00  SCV  
  55  11:12  SCV x2  
  57  11:24  SCV x2  
  55  11:36  Liberator, SCV x2, Command Center  
  57  11:48  SCV x2  
  62  12:00  SCV x2  
  64  12:06  Liberator  
  64  12:07  Siege Tank  
  67  12:12  SCV x2  
  67  12:13  Hellion  
  62  12:24  SCV x2  
  67  12:30  Terran Vehicle Weapons Level 1  
  67  12:36  SCV x2  
  69  12:37  Siege Tank  
  69  12:42  Siege Tank  
  75  12:48  SCV x2  
  77  12:56  Liberator  
  77  13:00  SCV  
  77  13:01  Liberator  
  66  13:11  SCV  
  50  13:21  Siege Tank, Hellion  
  50  13:26  Siege Tank  
  55  13:32  SCV  
  55  13:34  Hellion  
  58  13:37  SCV  
Show
View Real Time Build Order
Export as new Build Order

Night Protoss 

Build Orders: Cannon Rush 

Get SALT Encoding   

  12  0:01  Probe (Chrono Boost)  
  13  0:11  Probe (Chrono Boost)  
  14  0:18  Pylon  
  14  0:22  Probe (Chrono Boost)  
  15  0:37  Probe (Chrono Boost)  
  15  0:40  Forge  
  17  0:56  Pylon  
  16  0:58  Pylon  
  16  1:02  Probe (Chrono Boost)  
  17  1:16  Photon Cannon  
  17  1:21  Photon Cannon  
  17  1:24  Probe (Chrono Boost)  
  18  1:38  Probe (Chrono Boost), Gateway  
  19  1:49  Probe (Chrono Boost)  
  19  1:53  Photon Cannon  
  20  2:00  Probe (Chrono Boost)  
  21  2:05  Pylon  
  21  2:10  Assimilator  
  21  2:18  Pylon  
  21  2:21  Pylon  
  21  2:26  Photon Cannon  
  21  2:29  Probe (Chrono Boost)  
  22  2:38  Photon Cannon  
  22  2:47  Pylon  
  22  2:48  Pylon  
  22  2:50  Photon Cannon  
  22  2:57  Assimilator  
  22  3:05  Photon Cannon  
  22  3:12  Photon Cannon  
  22  3:16  Probe (Chrono Boost)  
  23  3:28  Cybernetics Core  
  23  3:30  Probe (Chrono Boost)  
  24  3:36  Assimilator  
  24  3:43  Photon Cannon  
  24  3:46  Photon Cannon  
  24  3:50  Pylon  
  24  4:03  Gateway  
  26  4:10  Mothership Core (Chrono Boost)  
  28  4:17  Adept  
  28  4:22  Pylon  
  28  4:28  Photon Cannon  
  28  4:39  Probe (Chrono Boost)  
  29  4:51  Warp Gate (Chrono Boost)  
  33  4:55  Sentry  
  33  4:57  Sentry  
  33  5:05  Nexus  
  33  5:13  Pylon  
  33  5:15  Probe (Chrono Boost)  
  34  5:29  Sentry  
  34  5:34  Robotics Facility  
  36  5:38  Probe (Chrono Boost)  
  37  5:50  Probe  
  37  5:51  Pylon  
  38  5:58  Protoss Ground Weapons Level 1 (Chrono Boost)  
  38  6:02  Probe  
  39  6:14  Probe  
  39  6:17  Probe  
  41  6:21  Immortal (Chrono Boost)  
  45  6:26  Probe  
  45  6:29  Probe  
  47  6:38  Probe  
  48  6:41  Probe  
  48  6:45  Pylon  
  49  6:50  Probe  
  49  6:53  Sentry x2  
  54  7:04  Probe x2  
  60  7:09  Gateway  
  60  7:11  Gateway  
  60  7:13  Gateway  
  60  7:21  Photon Cannon  
  60  7:27  Stalker x2  
  60  7:44  Immortal (Chrono Boost)  
  63  7:55  Stalker  
  66  7:58  Probe x2  
  66  8:00  Assimilator  
  66  8:05  Stalker  
  69  8:14  Stalker  
  71  8:20  Assimilator  
  71  8:32  Stalker x3  
  77  8:48  Stalker x2  
  81  8:50  Warp Prism (Chrono Boost)  
  83  8:59  Pylon  
  83  9:00  Stalker x2, Pylon  
  83  9:02  Stalker  
  89  9:15  Stalker x2  
  93  9:26  Observer (Chrono Boost)  
  90  9:34  Stalker x3  
  96  9:41  Stalker x2  
  88  10:09  Stalker  
  88  10:10  Stalker x4  
  64  10:18  Immortal  
  64  10:19  Probe x2  
  58  10:32  Stalker x3  
  62  10:44  Sentry  
  62  10:45  Stalker  
  62  10:48  Pylon  
  66  10:57  Pylon  
  66  11:02  Pylon  
  56  11:06  Stalker x2  
  56  11:13  Stalker  
  62  11:31  Nexus  
  58  11:35  Sentry x4  
  66  11:45  Immortal (Chrono Boost)  
  70  11:53  Stalker  
  72  11:56  Probe x2  
  73  12:05  Stalker x2  
  77  12:10  Sentry  
  77  12:13  Protoss Ground Armor Level 1  
  79  12:26  Immortal (Chrono Boost)  
  83  12:31  Probe x2  
  85  12:38  Assimilator  
  85  12:41  Probe  
  85  12:44  Assimilator  
  86  12:47  Probe  
  86  12:48  Probe  
  88  13:02  Robotics Bay  
  66  13:19  Stalker  
  66  13:20  Stalker x4  
  58  13:37  Probe x2  
  60  13:49  Disruptor (Chrono Boost), Pylon  
  60  13:53  Pylon  
  63  13:55  Robotics Facility  
  63  13:58  Pylon  
Show
View Real Time Build Order
Export as new Build Order

Elazer Zerg - Winner!

Build Orders: Pool First, Ravager All-In 

Get SALT Encoding   

  12  0:01  Drone  
  13  0:14  Overlord  
  13  0:22  Drone  
  14  0:34  Drone x2  
  16  0:36  Drone  
  17  1:06  Drone x2  
  17  1:07  Extractor  
  17  1:08  Spawning Pool  
  17  1:21  Drone  
  17  1:24  Drone  
  19  1:36  Overlord  
  19  1:46  Drone  
  20  1:55  Hatchery  
  20  2:00  Roach Warren  
  18  2:05  Queen  
  19  2:10  Drone  
  21  2:15  Drone  
  21  2:33  Overlord  
  21  2:44  Roach  
  21  2:45  Roach  
  21  2:50  Roach  
  26  3:04  Roach  
  28  3:06  Ravager  
  27  3:14  Roach  
  27  3:20  Roach  
  29  3:29  Roach  
  31  3:45  Ravager x2  
  31  3:47  Ravager  
  34  3:53  Ravager  
  35  4:00  Overlord  
  35  4:02  Drone x3  
  38  4:06  Drone  
  36  4:15  Ravager  
  37  4:23  Drone  
  37  4:24  Drone  
  39  4:26  Drone  
  29  4:45  Roach  
  31  4:49  Roach  
  33  5:04  Roach  
  34  5:08  Ravager  
  34  5:13  Overlord  
  35  5:15  Drone x2  
  36  5:21  Drone  
  37  5:30  Drone  
  37  5:37  Drone  
  37  5:38  Drone x2  
  40  5:43  Drone  
  40  5:44  Hatchery  
  40  5:54  Drone  
  39  5:58  Lair  
  39  5:59  Overlord, Extractor  
  38  6:14  Metabolic Boost  
  38  6:23  Zergling x4  
  40  6:33  Overlord  
  40  6:41  Drone x3  
  43  6:47  Drone  
  44  7:05  Zergling x4  
  44  7:08  Queen  
  48  7:13  Drone x4  
  48  7:15  Drone  
  53  7:30  Overlord  
  53  7:34  Extractor, Drone x2  
  54  7:37  Extractor  
  54  7:38  Drone  
  54  7:39  Drone x3  
  54  7:41  Drone  
  58  7:49  Overlord  
  57  7:53  Drone  
  57  7:58  Overlord  
  58  8:03  Overlord  
  58  8:11  Zergling x2  
  58  8:12  Zergling x6  
  62  8:19  Zergling x2  
  63  8:21  Hatchery  
  62  8:29  Zergling x6  
  65  8:38  Drone  
  65  8:41  Baneling Nest, Drone  
  67  8:42  Evolution Chamber  
  67  8:43  Roach x3  
  67  8:48  Roach  
  73  8:55  Roach  
  75  8:59  Overlord  
  75  9:03  Queen  
  75  9:08  Overlord  
  77  9:11  Ravager x5  
  77  9:12  Zergling x2  
  77  9:13  Zergling x8  
  87  9:17  Zerg Melee Weapons Level 1  
  87  9:22  Ravager  
  88  9:26  Zergling x2  
  88  9:27  Zergling x2  
  87  9:34  Centrifical Hooks  
  87  9:35  Baneling  
  87  9:36  Zergling x4  
  89  9:41  Overlord  
  89  9:52  Baneling x8  
  89  9:59  Zergling x12  
  83  10:09  Zergling x10  
  84  10:14  Zergling x6  
  84  10:19  Zergling x6  
  87  10:21  Zergling x2  
  86  10:32  Drone  
  86  10:33  Drone x5  
  91  10:42  Baneling x10  
  91  10:43  Baneling  
  88  10:51  Zergling x6  
  88  10:55  Drone  
  88  10:56  Drone x2  
  95  10:57  Drone  
  85  11:10  Roach  
  85  11:11  Roach x4  
  93  11:14  Zerg Melee Weapons Level 2  
  93  11:24  Zergling x8  
  97  11:36  Zergling x2  
  97  11:37  Overlord x2  
  97  11:39  Baneling x7  
  98  11:40  Overlord  
  98  11:58  Overlord  
  98  12:00  Ravager x5  
  100  12:11  Zergling x2  
  100  12:12  Zergling x36  
  119  12:18  Hatchery  
  119  12:19  Overlord  
  118  12:23  Baneling x6  
  118  12:25  Zergling x4  
  120  12:35  Spore Crawler  
  120  12:36  Overlord  
  119  12:40  Baneling  
  119  12:41  Baneling x16  
  119  12:42  Baneling  
  119  12:43  Baneling x3  
  119  12:45  Baneling x2  
  119  12:46  Baneling x2  
  119  12:48  Baneling  
  119  12:50  Baneling  
  119  12:55  Zergling x10  
  92  13:19  Zergling x30  
  101  13:27  Zergling x10  
  76  13:36  Zergling x10  
  78  13:43  Queen, Overlord  
  78  13:45  Baneling  
  78  13:46  Baneling x14  
  78  13:47  Baneling x2  
  80  13:48  Baneling  
  80  13:49  Baneling  
  80  13:50  Baneling  
  80  13:51  Baneling x2  
  80  13:52  Baneling  
  80  13:53  Baneling  
  80  13:54  Baneling x2  
  80  13:55  Baneling  
  80  13:56  Baneling x2  
  80  13:58  Zergling x2  
Tags
 
Add a new tag
Caveats
  • Supply blocks, unpowered buildings, or Contaminate may cause inaccurate times.
  • Supply counts are checked every 10 seconds.